AoeStats
← SedateBeast

Black Forest

505836110Analyzed
2v2 RM · 22d ago on Sep 11, 2026· 48m 48s· 4 players
Game mode
Random Map
Map size
Medium (4 player)
Population
200
Speed
Normal
Resources
Standard
Victory
Conquest
Starting age
Dark Age
Ending age
Imperial Age
RankedLock teamsTeams togetherTeam positionsShared explorationLock speedFull tech treeHidden civsTurbo modeCheats
Victory
Defeat
🇦🇺 Franks · Australia
910
+13
🇦🇺 Malay · Australia
875
+15
🇪🇸 Burgundians · Spain
865
-14
🇪🇸 Britons · Spain
836
-14
Nathan Algren
2:28 Loom
14:35 Feudal Age
14:22 Horse Collar
14:40 Double-Bit Axe
15:32 Bow Saw
16:27 Heavy Plow
22:23 Wheelbarrow
24:08 Castle Age
22:44 Forging
22:49 Scale Barding Armor
23:00 Scale Mail Armor
26:59 Two-Man Saw
27:09 Town Watch
27:40 Hand Cart
28:20 Pikeman
31:02 Squires
32:42 Burgundian Vineyards
34:06 Iron Casting
35:01 Crop Rotation
35:09 Chain Barding Armor
36:07 Town Patrol
37:22 Husbandry
37:17 Fletching
40:58 Imperial Age
38:43 Fortified Wall
38:29 Murder Holes
38:55 Ballistics
39:47 Masonry
39:43 Caravan
40:30 Bodkin Arrow
40:51 Chain Mail Armor
42:42 Chemistry
42:15 Conscription
41:18 Elite Coustillier
46:02 Conscription
47:18 Halberdier
48:51 Plate Mail Armor
Alextorre3
1:05 Loom
19:05 Feudal Age
20:09 Town Watch
22:25 Wheelbarrow
21:39 Double-Bit Axe
24:47 Padded Archer Armor
26:12 Horse Collar
27:42 Gold Mining
27:45 Stone Mining
28:18 Fletching
31:48 Castle Age
33:37 Bodkin Arrow
33:58 Leather Archer Armor
34:05 Hand Cart
35:10 Fortified Wall
35:30 Ballistics
35:10 Guard Tower
37:48 Yeomen
37:43 Town Patrol
44:01 Pikeman
47:43 Murder Holes
49:15 Caravan
SedateBeast
10:50 Feudal Age
12:56 Double-Bit Axe
18:17 Castle Age
21:44 Wheelbarrow
21:47 Gold Mining
23:36 Bow Saw
25:17 Husbandry
25:06 Arson
25:22 Squires
26:28 Hand Cart
28:04 Scale Barding Armor
30:06 Town Watch
30:09 Loom
32:36 Chain Barding Armor
36:39 Imperial Age
36:18 Forging
36:09 Scale Mail Armor
36:01 Fletching
36:50 #83
36:59 Gambesons
36:34 Pikeman
37:54 Iron Casting
36:53 Cavalier
39:19 Conscription
39:36 Hoardings
39:32 Heavy Scorpion
40:40 Paladin
42:04 Plate Barding Armor
43:48 Elite Throwing Axeman
Dank Stankums
11:47 Feudal Age
11:22 Double-Bit Axe
11:17 Horse Collar
20:02 Castle Age
18:45 Forging
18:58 Man-at-Arms
20:42 Husbandry
20:43 Arson
21:21 Bow Saw
26:01 Wheelbarrow
26:34 Scale Barding Armor
34:26 Imperial Age
33:00 Heavy Plow
34:14 Hand Cart
33:42 Elite Battle Elephant
35:07 Iron Casting
34:11 Long Swordsman
34:53 Squires
36:27 Forced Levy
36:13 Two-Handed Swordsman
40:34 Loom
40:55 Fletching
42:07 Blast Furnace
41:35 Conscription
41:19 Capped Ram
46:38 Chemistry
45:59 Ballistics
47:17 Crop Rotation
Connection lost

Rejoining the realm…

Still unreachable

The connection could not be restored.

Session expired

The server has moved on; the page needs a fresh start.